 Dungeon Crawl Stone Soup version 0.28.0-43-g3370ac3207 (webtiles) character file.

Game seed: 5226531045198762683

67144 pkoi the Black Belt (level 14, 0/111 (113) HPs)
             Began as a Yellow Draconian Monk on Mar 15, 2022.
             Was the Champion of Hepliaklqana.
             Slain by an ogre mage
             ... wielding a +0 spear
              (3 damage)
             ... while paralysed by an ogre mage
             ... on level 1 of the Orcish Mines.
             The game lasted 00:47:00 (29924 turns).

pkoi the Black Belt (Yellow Draconian Monk)        Turns: 29924, Time: 00:47:00

HP:   0/111 (113)   AC: 13    Str: 14    XL:     14   Next: 81%
MP:   20/20         EV:  2    Int: 14    God:    Hepliaklqana [******]
Gold: 1417          SH:  0    Dex: 15    Spells: 15/19 levels left

rFire   . . .      SeeInvis +     - Unarmed
rCold   . . .      Faith    .   (no shield)
rNeg    . . .      Spirit   .   (armour unavailable)
rPois   .          Reflect  .   z - +2 hat
rElec   .          Harm     .   u - +1 cloak
rCorr   +          Rampage  .   (no gloves)
Will    +....                   C - +0 pair of boots
Stlth   ++++......              s - amulet of regeneration
HPRegen 1.08/turn               g - ring of see invisible
MPRegen 0.17/turn               d - +4 ring of evasion

@: paralysed, lethally poisoned (0 -> -1), lightly drained
A: reduced essence, spit acid, AC +8, unfitting armour, acidic bite,
cold-blooded, acid resistance
a: Breathe Acid, Renounce Religion, Recall Ancestor, Ancestor Identity,
Transference, Idealise


You were on level 1 of the Orcish Mines.
You worshipped Hepliaklqana.
Hepliaklqana was exalted by your worship.
You visited 5 branches of the dungeon, and saw 22 of its levels.
You also visited: Ice Cave.

You collected 1417 gold pieces.

Inventory:

Hand Weapons
 a - a +5 short sword
 i - a +0 dagger of speed
 m - a +2 whip of freezing
Missiles
 f - 25 boomerangs (quivered)
 p - 5 throwing nets
Armour
 r - a scarf of invisibility
 u - a +1 cloak (worn)
 z - a +2 hat (worn)
 C - a +0 pair of boots (worn)
 F - an orb of wrath
Jewellery
 b - a ring of wizardry
 d - a +4 ring of evasion (right hand)
 g - a ring of see invisible (left hand)
 s - an amulet of regeneration (around neck)
 y - a ring of protection from fire
 I - a ring of protection from cold
 P - an amulet of faith
 Q - an amulet of reflection
Wands
 t - a wand of acid (6)
 x - a wand of polymorph (7)
 H - a wand of paralysis (5)
 J - a wand of flame (7)
 N - a wand of charming (4)
 O - a wand of mindburst (13)
Scrolls
 c - 4 scrolls of enchant weapon
 e - 2 scrolls of amnesia
 l - 3 scrolls of blinking
 n - 4 scrolls of teleportation
 q - 5 scrolls of identify
 v - 2 scrolls of silence
 w - a scroll of fear
 D - a scroll of summoning
 G - a scroll of enchant armour
Potions
 h - 2 potions of haste
 j - 4 potions of flight
 k - 11 potions of curing
 o - a potion of magic
 A - 2 potions of heal wounds
 B - 2 potions of invisibility
 E - a potion of lignification
 K - a potion of might {unknown}
 L - 2 potions of brilliance {unknown}
 M - 2 potions of resistance


   Skills:
 - Level 12.0 Fighting
 - Level 7.0 Dodging
 - Level 9.0 Stealth
 * Level 18.4 Unarmed Combat
 - Level 3.0 Spellcasting
 - Level 6.0 Summonings
 - Level 3.1 Translocations
 + Level 8.5 Invocations
 + Level 4.9 Evocations


You had 15 spell levels left.
You knew the following spells:

 Your Spells              Type           Power      Damage    Failure   Level
a - Apportation           Tloc           20%        N/A       6%          1
b - Call Canine Familiar  Summ           18%        N/A       5%          3

Your spell library contained the following spells:

 Spells                   Type           Power      Damage    Failure   Level
 Summon Small Mammal      Summ           72%        N/A       1%          1
 Animate Skeleton         Necr           4%         N/A       22%         1
 Portal Projectile        Hex/Tloc       12%        N/A       34%         3
 Summon Forest            Summ/Tloc      7%         N/A       67%         5
 Animate Dead             Necr           1%         N/A       91%         4
 Hailstorm                Conj/Ice       2%         3d3       91%         4
 Ice Form                 Ice/Tmut       2%         N/A       91%         4
 Leda's Liquefaction      Hex/Erth       1%         N/A       91%         4
 Eringya's Noxious Bog    Tmut/Pois      1%         N/A       100%        6
 Simulacrum               Ice/Necr       1%         N/A       100%        6
 Haunt                    Necr/Summ      5%         N/A       100%        7
 Summon Hydra             Summ           9%         N/A       100%        7
 Borgnjor's Revivificati  Necr           1%         N/A       100%        8
 Infestation              Necr           1%         N/A       100%        8
 Necromutation            Tmut/Necr      1%         N/A       100%        8
 Death's Door             Necr           1%         N/A       100%        9


Dungeon Overview and Level Annotations

Branches:
Dungeon (13/15)            Temple (1/1) D:7            Lair (6/6) D:10
  Swamp (1/4) Lair:2        Snake (0/4) Lair:2        Slime (0/5) Lair:6
    Orc (1/2) D:11         Vaults (0/5) D:13          IceCv (visited)

Altars:
Ashenzari
Cheibriados
Dithmenos
Elyvilon
Fedhas
Gozag
Hepliaklqana
Kikubaaqudgha
Makhleb
Nemelex Xobeh
Okawaru
Qazlal
Ru
Sif Muna
Trog
Uskayaw
Vehumet
Wu Jian
Xom
Yredelemnul
Zin
The Shining One
Beogh

Shops:
D:1 ?   D:10 [

Annotations:
D:10 3 runed translucent doors, themarg's ghost, journeyman TeAE
Lair:3 2 transporters


Innate Abilities, Weirdness & Mutations

Your life essence is reduced to manifest your ancestor. (-10% HP)
You can spit globs of acid.
Your golden yellow scales are hard. (AC +8)
You cannot fit into any form of body armour.
You have acidic saliva.
You are cold-blooded and may be slowed by cold attacks.
You are resistant to acid. (rCorr)


Message History

The chaos spawn closely misses you.
Unknown command.
Aiming: Corrosive Bolt
Press: ? - help, Shift-Dir - straight line, f/p - orc sorcerer
Aim: an orc sorcerer, wielding a +0 dagger and wearing a +0 robe (67% to hit)
The bolt of acid hits the ogre mage!
The acid corrodes the ogre mage!
The ogre mage is heavily wounded.
The bolt of acid hits the orc sorcerer!
The acid corrodes the orc sorcerer!
The orc sorcerer is moderately wounded.
You feel sick.
The ynoxinul disappears in a puff of smoke!
The ogre mage points at you and mumbles some strange words.
The bolt of magma misses you.
The ogre mage hits you from afar with a +0 spear!
* * * LOW HITPOINT WARNING * * *
The orc sorcerer mumbles some strange words.
The chaos spawn gores you.
* * * LOW HITPOINT WARNING * * *
Unknown command.
Unknown command.
You punch the ogre mage!
The ogre mage is severely wounded.
You feel sick. The ogre mage casts a spell at you.
You suddenly lose the ability to move!
The ogre mage hits you from afar with a +0 spear.
* * * LOW HITPOINT WARNING * * *
You feel sick. The ogre mage hits you with a +0 flail!
* * * LOW HITPOINT WARNING * * *
The chaos spawn gores you!
* * * LOW HITPOINT WARNING * * *
You feel drained.
* * * LOW HITPOINT WARNING * * *
The ogre mage hits you but does no damage. x2
You feel sick.
The chaos spawn hits you but does no damage.
The ogre mage hits you with a +0 flail!
* * * LOW HITPOINT WARNING * * *
The ogre mage hits you from afar with a +0 spear.
You die...

#..............#######
#.......#.....##...
#.......#.....#...#
#............##...#..
##...........#...#.4#
#............#...#..#
#............#o.#..#o.
##..)[......4OO§#..#..#
###[.).....@#..#..# .#
##[........#...#y.# .
##...#......#.$.#..# .#
#...........##...#$.
#...........##...#
##...........##y..y.
##...........#######
###.........##
#..........## #


You could see 2 ogre magi, a chaos spawn (summoned) and an orc sorcerer
(corroded).

Vanquished Creatures
  6 hydras
  A vault guard (D:12)
  An ogre mage (Orc:1)
  4 catoblepae
  2 two-headed ogres (D:10)
  11 death yaks
  Nergalle (Lair:3)
  2 bog bodies (Swamp:1)
  A deep elf pyromancer (D:13)
  2 manticores (Lair:6)
  An orc knight (Orc:1)
  3 oklob plants
  Maurice (D:8)
  2 cyclopes
  An orc sorcerer (Orc:1)
  2 black mambas
  2 elephants (Lair:6)
  A torpor snail (Lair:3)
  2 gargoyles
  10 cane toads
  An unseen horror (D:12)
  Psyche (D:11)
  6 komodo dragons
  A rime drake (Lair:4)
  3 polar bears
  2 trolls
  4 hornets (Orc:1)
  4 dream sheep (Lair:6)
  6 blink frogs
  4 slime creatures (D:8)
  A shadow (D:11)
  2 wraiths
  2 basilisks
  The ghost of hehateme the Ducker, an amateur GnGl (D:4)
  66 yaks
  A vampire mosquito (D:12)
  7 redbacks (D:12)
  Grum (D:7)
  15 water moccasins
  A floating eye (Orc:1)
  10 orc warriors
  A sky beast (D:7)
  5 ogres
  10 wolves
  3 centaurs
  3 phantoms
  10 bullfrogs
  2 kobold brigands
  A gnoll sergeant (D:12)
  3 scorpions
  A water moccasin zombie (D:7)
  A hexer (D:11)
  A troll zombie (D:11)
  30 killer bees
  3 wights (D:8)
  2 howler monkeys
  5 centaur zombies
  2 hounds
  6 orc priests
  A bullfrog skeleton (D:6)
  5 iguanas
  9 orc wizards
  A killer bee zombie (D:9)
  5 ogre zombies (D:11)
  2 hound skeletons (D:4)
  A howler monkey zombie (D:9)
  7 adders
  4 gnolls (D:12)
  2 shadow imps
  An ufetubus (D:7)
  A dart slug (D:1)
  50 orcs
  6 ball pythons
  9 endoplasms
  6 giant cockroaches
  7 goblins
  7 hobgoblins
  7 jackals
  3 quokkas
  7 bats
  A goblin skeleton (D:11)
  2 hobgoblin zombies (D:11)
  14 kobolds
  2 orc skeletons (D:11)
  18 orc zombies (D:11)
  9 rats
471 creatures vanquished.

Vanquished Creatures (collateral kills)
  A boulder beetle (Lair:2)
  Harold (D:8)
  4 hydras
  Erica (D:11)
  A catoblepas (Lair:6)
  2 two-headed ogres
  2 death yaks
  2 cyclopes
  A centaur zombie (D:11)
  Joseph (D:9)
  An elephant (Lair:6)
  A cane toad (Lair:6)
  2 rime drakes
  2 komodo dragons
  2 trolls
  A polar bear (IceCv)
  3 blink frogs
  10 yaks
  A basilisk (Lair:6)
  2 water moccasins
  A warg (D:11)
  2 orc warriors (Orc:1)
  A wolf (D:8)
  A scorpion (D:4)
  4 bullfrogs
  8 killer bees
  A howler monkey (D:6)
  Crazy Yiuf (D:6)
  An orc priest (Orc:1)
  An iguana (D:6)
  2 orc wizards
  2 ogre zombies (D:11)
  A howler monkey zombie (D:8)
  An adder (D:5)
  7 orcs
  3 jackals (D:4)
  4 kobolds
  A hobgoblin zombie (D:11)
  An orc zombie (D:11)
84 creatures vanquished.

Vanquished Creatures (others)
  A yak (Lair:6)
  21 hexers
  An orc (D:6)
  A butterfly (D:6)
  35 fungi
  57 plants
116 creatures vanquished.

Grand Total: 671 creatures vanquished

Notes
Turn   | Place    | Note
-------+----------+-------------------------------------------
     0 | D:1      | pkoi the Draconian Monk began the quest for the Orb.
     0 | D:1      | Reached XP level 1. HP: 19/19 MP: 1/1
   320 | D:1      | Reached XP level 2. HP: 13/26 MP: 2/2
   735 | D:1      | Found Apletobb's Magic Scroll Shoppe.
   859 | D:1      | Reached skill level 4 in Unarmed Combat
  1239 | D:2      | Reached XP level 3. HP: 29/31 MP: 3/3
  1299 | D:2      | Found a faded altar of an unknown god.
  1818 | D:2      | Found a radiant altar of Vehumet.
  2711 | D:3      | Reached XP level 4. HP: 29/40 MP: 4/4
  3098 | D:3      | Reached skill level 5 in Unarmed Combat
  3152 | D:3      | Learned a level 1 spell: Apportation
  4089 | D:4      | Reached XP level 5. HP: 43/46 MP: 5/5
  4170 | D:4      | Identified the +0 scale mail "Seifalam" {Drain +Inv Str+6}
  4367 | D:4      | Found a hazy altar of Hepliaklqana.
  4374 | D:4      | Became a worshipper of Hepliaklqana the Forgotten
  4374 | D:4      | Reached * piety under Hepliaklqana
  4374 | D:4      | Reached ** piety under Hepliaklqana
  4375 | D:4      | Remembered your ancestor Nadalia as a hexer
  5053 | D:4      | Found a runed translucent gate.
  5054 | D:4      | Found a runed translucent gate.
  5054 | D:4      | Identified the +5 chain mail of Wadwik {Rampage +Inv Int+3}
  5056 | D:4      | Found a runed translucent gate.
  5058 | D:4      | Noticed hehateme's ghost (amateur GnGl)
  5135 | D:4      | Reached XP level 6. HP: 18/47 MP: 6/6
  5622 | D:5      | Entered Level 5 of the Dungeon
  5731 | D:5      | Found a shimmering blue altar of Sif Muna.
  5833 | D:5      | Found a basalt altar of Yredelemnul.
  5870 | D:5      | Noticed a water moccasin
  5883 | D:5      | Killed a water moccasin
  5884 | D:5      | Reached skill level 6 in Unarmed Combat
  6220 | D:5      | Found an opulent altar of Gozag.
  6290 | D:5      | Reached skill level 5 in Fighting
  6758 | D:6      | Your scales start taking on a golden yellow colour.
  6758 | D:6      | Reached XP level 7. HP: 50/54 MP: 7/7
  6758 | D:6      | Gained mutation: You are resistant to acid. (rCorr) [Yellow
                  | Draconian growth]
  6859 | D:6      | Reached skill level 1 in Invocations
  6859 | D:6      | Reached skill level 1 in Evocations
  7113 | D:6      | Found a bloodstained altar of Trog.
  7113 | D:6      | Found a shimmering altar of Xom.
  7114 | D:6      | Found a glowing silver altar of Zin.
  7146 | D:6      | Reached *** piety under Hepliaklqana
  7155 | D:6      | Found a burning altar of Makhleb.
  7181 | D:6      | Reached skill level 7 in Unarmed Combat
  7205 | D:6      | Found a white marble altar of Elyvilon.
  7686 | D:6      | Found a runed translucent door.
  7687 | D:6      | Noticed Crazy Yiuf
  7699 | D:6      | Killed Crazy Yiuf
  7822 | D:7      | Reached XP level 8. HP: 59/63 MP: 9/9
  7873 | D:7      | Found a staircase to the Ecumenical Temple.
  8038 | D:7      | Found a snail-covered altar of Cheibriados.
  8284 | D:7      | Reached skill level 8 in Unarmed Combat
  8741 | D:8      | Noticed Grum
  9511 | D:7      | Killed Grum
  9823 | D:8      | Reached XP level 9. HP: 70/70 MP: 11/11
  9848 | D:8      | Reached skill level 5 in Stealth
  9876 | D:8      | Reached skill level 9 in Unarmed Combat
 10404 | D:8      | Noticed a cyclops
 10411 | D:8      | Killed a cyclops
 10477 | D:8      | Noticed Harold
 10492 | D:8      | Killed Harold
 10493 | D:8      | Reached skill level 10 in Unarmed Combat
 10764 | D:8      | Noticed Maurice
 10782 | D:8      | Killed Maurice
 10783 | D:8      | Reached XP level 10. HP: 37/81 MP: 12/12
 11129 | Temple   | Entered the Ecumenical Temple
 11613 | D:9      | Noticed Joseph
 11623 | D:9      | Killed Joseph
 11624 | D:9      | Reached skill level 11 in Unarmed Combat
 11899 | D:8      | Reached skill level 12 in Unarmed Combat
 12138 | D:9      | Reached **** piety under Hepliaklqana
 12651 | D:10     | Entered Level 10 of the Dungeon
 12651 | D:10     | Noticed a two-headed ogre
 12658 | D:10     | Killed a two-headed ogre
 12751 | D:10     | Found a staircase to the Lair.
 12752 | D:10     | Noticed an oklob plant
 12756 | D:10     | Noticed an oklob plant
 12802 | D:10     | Noticed a two-headed ogre
 12804 | D:10     | Found Raorch's Antique Armour Shoppe.
 12805 | D:10     | Noticed a two-headed ogre
 12814 | D:10     | Killed a two-headed ogre
 12815 | D:10     | Reached skill level 13 in Unarmed Combat
 12831 | D:10     | Killed a two-headed ogre
 13086 | D:10     | Found a runed translucent gate.
 13086 | D:10     | Found a runed translucent gate.
 13086 | D:10     | Found a runed translucent gate.
 13246 | D:10     | Reached XP level 11. HP: 77/87 MP: 13/13
 13345 | D:10     | Noticed a centaur warrior
 13347 | D:10     | Noticed a yaktaur captain
 13347 | D:10     | Noticed themarg's ghost (journeyman TeAE)
 13413 | D:10     | Found a hide-covered altar of Uskayaw.
 13421 | D:10     | Reached skill level 14 in Unarmed Combat
 13467 | D:10     | Found a sacrificial altar of Ru.
 13603 | D:11     | Noticed a seven-headed hydra
 13647 | D:11     | Noticed a two-headed ogre
 13655 | D:11     | Killed a two-headed ogre
 14086 | D:11     | Killed a seven-headed hydra
 14087 | D:11     | Reached skill level 15 in Unarmed Combat
 14383 | D:11     | Noticed Erica
 14393 | D:11     | Killed Erica
 14652 | D:11     | Found a staircase to the Orcish Mines.
 14796 | D:11     | Reached ***** piety under Hepliaklqana
 14799 | D:11     | Noticed Psyche
 14805 | D:11     | Killed Psyche
 15184 | D:4      | Killed hehateme's ghost
 15456 | D:10     | Killed an oklob plant
 15468 | D:10     | Killed an oklob plant
 15469 | D:10     | Reached XP level 12. HP: 71/95 MP: 14/14
 15617 | Lair:1   | Entered Level 1 of the Lair of Beasts
 16317 | Lair:1   | Reached skill level 10 in Fighting
 16317 | Lair:1   | Reached skill level 16 in Unarmed Combat
 16725 | Lair:2   | Noticed a catoblepas
 16732 | Lair:1   | Learned a level 3 spell: Call Canine Familiar
 16740 | Lair:2   | Killed a catoblepas
 16780 | Lair:2   | Found a staircase to the Swamp.
 16784 | Lair:2   | Noticed a seven-headed hydra
 17158 | Lair:1   | Reached skill level 1 in Summonings
 17158 | Lair:1   | Reached skill level 1 in Translocations
 17217 | Lair:2   | Reached skill level 1 in Spellcasting
 17330 | Lair:2   | Killed a seven-headed hydra
 17436 | Lair:2   | Reached skill level 5 in Dodging
 17925 | Lair:2   | Reached skill level 5 in Invocations
 17943 | Lair:2   | Noticed a boulder beetle
 17978 | Lair:2   | Killed a boulder beetle
 18127 | Lair:2   | Found a staircase to the Snake Pit.
 18737 | Lair:3   | Noticed Nergalle
 18753 | Lair:3   | Killed Nergalle
 18824 | Lair:3   | Found a frozen archway.
 18833 | IceCv    | Entered an ice cave
 19109 | IceCv    | Reached XP level 13. HP: 102/102 MP: 16/16
 19666 | Lair:3   | Found a transporter.
 19850 | Lair:3   | Found a transporter.
 22315 | Lair:4   | Reached skill level 17 in Unarmed Combat
 22711 | Lair:5   | You fall into a shaft and drop 1 floor!
 22711 | Lair:6   | Entered Level 6 of the Lair of Beasts
 22711 | Lair:6   | Reached ****** piety under Hepliaklqana
 23654 | Lair:6   | Gained mutation: You have acidic saliva. [Yellow Draconian
                  | growth]
 23654 | Lair:6   | Reached XP level 14. HP: 109/111 MP: 19/19
 24166 | Lair:6   | Reached skill level 5 in Summonings
 24907 | Lair:6   | Found a staircase to the Slime Pits.
 26166 | D:12     | Reached skill level 18 in Unarmed Combat
 26861 | D:13     | Found a gate to the Vaults.
 27784 | Swamp:1  | Entered Level 1 of the Swamp
 28118 | Orc:1    | Entered Level 1 of the Orcish Mines
 29775 | Orc:1    | Paralysed by a floating eye for 2 turns
 29922 | Orc:1    | Paralysed by an ogre mage for 3 turns
 29924 | Orc:1    | HP: 3/111 [ogre mage/+0 flail (11)]
 29924 | Orc:1    | Slain by an ogre mage

Illustrated notes

Levels and vault maps discovered:
D:1:      dpeg_arrival_tiny_i, layout_loops_corners, serial_shops,
          nicolae_shop_advertising_works [nicolae_subvault_shop_adworks],
          minivault_4
D:2:      layout_loops_ring, basic_altar, hellmonk_ecumenical_altar_blasted,
          st_stairs_9, minmay_tetromino_l2
D:3:      minmay_bubble_buster, layout_basic
D:4:      layout_loops_ring, mainiacjoe_overflow_tiny_flanked,
          biasface_ghost_orc_armoury
D:5:      layout_basic, mainiacjoe_overflow_boulevard, lemuel_blue_sif_altar,
          mainiacjoe_overflow_catwalk, minmay_tree_intersection
D:6:      layout_basic, kennysheep_mini, gammafunk_temple_overflow_forgotten,
          nicolae_elyvilon_peaceful_grove, kennysheep_generic_room_13,
          uniq_crazy_yiuf_cottage
D:7:      layout_loops_cross, kennysheep_little_box, minmay_temple_entry_glass,
          hangedman_abyss_or_decor_lesser_grid, st_stairs_13
D:8:      layout_basic, grunt_decor_mini_mirrors, uniq_maurice, uniq_grum,
          uniq_harold
D:9:      layout_cave_pools, uniq_joseph
D:10:     layout_roguey, mainiacjoe_overflow_big_doors, dpeg_oklobed_lair,
          serial_shops, nicolae_shop_stone, gammafunk_ghost_split
D:11:     layout_gridville, zombieorc2_lemuel, uniq_erica, uniq_psyche
D:12:     layout_cave_pods, st_stairs_2, drop_trap, minmay_holes
D:13:     layout_cave_pools, erik_vaults_2
Temple:   dpeg_chambers_temple
Lair:1:   layout_loops_ring
Lair:2:   beast_lair_carwin_large_1, layout_cave_pods, swamp_mist_pool,
          dummy_snake_entry, chequers_serial_rivers_micro_c,
          chequers_serial_rivers_large_a
Lair:3:   gammafunk_cloud_chamber, layout_long_grid,
          portal_ice_cave_entry_pillars_1, minmay_lair_oklob_items,
          uniq_nergalle
Lair:4:   wad_woods_minihive, layout_cave_pods
Lair:5:   layout_cave_pods, serial_bayou_shore_b
Lair:6:   evilmike_catoblepas_cave, layout_cave_pods, dpeg_slime_entry_corner
Swamp:1:  layout_basic_swamp, serial_swamp_ruin, evilmike_swamp_ruin_house_3,
          evilmike_swamp_ruin_rubble_2, evilmike_swamp_ruin_house_2
Orc:1:    hellmonk_paralyzer, layout_caves, bh_open_orc_temple, uniq_urug

Skill      XL: |  1  2  3  4  5  6  7  8  9 10 11 12 13 14 |
---------------+-------------------------------------------+-----
Unarmed Combat | 4 5 6 7 8 10 13 15 16 17 18 | 18.4
Fighting       | 4 5 6 8 9 10 11 12 | 12.0
Stealth        | 2 3 4 6 7 8 9 |  9.0
Invocations    | 2 3 5 6 8 |  8.5
Evocations     | 2 3 4 |  4.9
Dodging        | 4 5 6 7 |  7.0
Summonings     | 2 4 6 |  6.0
Translocations | 2 3 |  3.1
Spellcasting   | 2 3 |  3.0

Action                   |  1- 3 |  4- 6 |  7- 9 | 10-12 | 13-15 || total
-------------------------+-------+-------+-------+-------+-------++-------
Melee: Unarmed           |   110 |   178 |   226 |   614 |   772 ||  1900
       Tailslap          |    16 |    23 |    44 |   126 |   157 ||   366
       Punch             |     2 |     3 |     8 |    64 |   110 ||   187
       Bite              |       |       |       |       |    66 ||    66
Throw: Boomerang         |       |       |       |       |     1 ||     1
 Cast: Call Canine Famil |       |       |       |       |     2 ||     2
       Apportation       |       |       |       |       |     1 ||     1
Invok: Ancestor Life: He |       |     1 |       |       |       ||     1
       Ancestor Identity |       |     1 |       |       |       ||     1
       Recall Ancestor   |       |       |     1 |     4 |    11 ||    16
 Abil: Breathe Acid      |       |       |    11 |    39 |    35 ||    85
Evoke: Wand              |       |       |     3 |     8 |     7 ||    18
  Use: Potion            |     3 |       |       |       |       ||     3
       Scroll            |     1 |    11 |     3 |     5 |     3 ||    23
 Stab: Sleeping          |     4 |     7 |     3 |     3 |     7 ||    24
       Confused          |       |       |     5 |    15 |    14 ||    34
       Distracted        |       |       |     4 |     8 |     9 ||    21
       Petrifying        |       |       |       |       |     1 ||     1
Armor: Skin              |    24 |    51 |    40 |   118 |   202 ||   435
Dodge: Dodged            |    71 |    99 |   156 |   393 |   629 ||  1348
